Map: Old Republic LE

Players

ShoWTimE

  • Race: Protoss Protoss
  • League: Master
  • Spawn Location: 1:00

LiquidClem (Clem) - Winner!

  • Race: Terran Terran
  • League: Grandmaster
  • Spawn Location: 7:00

VOD

Have the link to the VOD?

Description

Time

  • Played on: Feb. 1, 2026, 5:55 p.m.
  • Length: 24:53
Show
View Real Time Build Order
Export as new Build Order

ShoWTimE Protoss 

Build Orders: 1 Gate Expand, Phoenix Opening, Blink Stalkers 

Get SALT Encoding   

  12  0:00  Probe  
  13  0:12  Probe  
  14  0:17  Pylon  
  14  0:24  Probe  
  15  0:30  Assimilator  
  15  0:33  Probe  
  15  0:41  Gateway, Probe  
  17  0:50  Probe  
  18  1:02  Probe  
  19  1:18  Nexus  
  19  1:28  Cybernetics Core  
  19  1:31  Probe  
  20  1:36  Assimilator  
  20  1:43  Probe  
  20  1:45  Pylon  
  21  1:52  Stalker  
  21  1:55  Probe  
  22  2:04  Warp Gate  
  22  2:07  Probe  
  25  2:19  Probe  
  25  2:21  Sentry, Phoenix  
  28  2:29  Probe  
  29  2:31  Probe  
  29  2:34  Twilight Council  
  29  2:36  Blink  
  30  2:42  Probe  
  30  2:43  Probe  
  34  2:52  Stalker  
  34  2:54  Probe  
  34  2:56  Gateway  
  34  2:57  Probe  
  36  3:06  Probe  
  36  3:09  Probe  
  38  3:16  Gateway  
  38  3:18  Probe  
  39  3:21  Probe  
  39  3:24  Pylon  
  40  3:30  Probe  
  40  3:33  Probe  
  42  3:34  Assimilator  
  42  3:42  Probe  
  42  3:45  Probe  
  42  3:48  Pylon  
  44  3:52  Stalker x2  
  44  3:54  Probe  
  49  3:57  Probe  
  50  4:06  Gateway, Probe  
  51  4:10  Stalker  
  51  4:13  Probe  
  51  4:16  Stalker x2  
  58  4:23  Probe  
  58  4:25  Probe  
  57  4:43  Stalker x3  
  58  4:45  Probe  
  58  4:48  Probe  
  59  4:57  Probe  
  60  5:04  Stalker  
  60  5:05  Phoenix  
  59  5:15  Pylon, Sentry  
  59  5:19  Nexus  
  59  5:20  Pylon  
  61  5:28  Probe x2  
  62  5:33  Stalker x3  
  68  5:35  Charge  
  68  5:36  Pylon  
  68  5:38  Stalker  
  68  5:40  Probe  
  68  5:42  Probe  
  72  5:52  Probe  
  72  5:54  Probe  
  70  6:04  Probe  
  70  6:05  Stalker x4  
  70  6:07  Probe  
  78  6:16  Probe  
  77  6:21  Probe  
  78  6:28  Probe  
  78  6:29  Gateway  
  78  6:30  Gateway  
  78  6:32  Gateway  
  79  6:33  Probe  
  80  6:40  Zealot x4  
  80  6:42  Probe  
  85  6:57  Probe x3  
  85  6:59  Gateway  
  84  7:02  Zealot x4  
  84  7:07  Robotics Facility  
  92  7:12  Gateway  
  92  7:13  Probe x3  
  95  7:17  Pylon  
  95  7:26  Pylon  
  95  7:28  Sentry x2, Zealot  
  101  7:39  Forge, Zealot x4  
  101  7:42  Protoss Ground Weapons Level 1  
  101  7:43  Assimilator  
  109  7:44  Pylon, Probe x2  
  109  7:45  Pylon  
  111  7:52  Stalker  
  111  7:55  Zealot  
  111  7:56  Zealot, Pylon  
  117  8:01  Pylon  
  117  8:03  Stalker  
  119  8:16  Zealot x3  
  125  8:20  Probe  
  125  8:24  Zealot x3  
  86  8:49  Stalker x5, Zealot x4  
  102  9:00  Nexus  
  94  9:12  Zealot x4  
  94  9:13  Zealot  
  102  9:18  Zealot  
  102  9:19  Templar Archives  
  102  9:22  Zealot  
  106  9:24  Probe x2  
  106  9:25  Probe  
  106  9:28  Zealot  
  111  9:36  Zealot  
  111  9:37  Zealot x3  
  117  9:40  Zealot  
  117  9:42  Probe x2, Protoss Ground Armor Level 1  
  117  9:43  Observer  
  121  9:51  Psionic Storm  
  100  9:56  Stalker x3  
  100  9:58  Zealot  
  91  10:08  Probe x3  
  94  10:14  High Templar  
  94  10:16  Probe  
  97  10:26  High Templar x3  
  97  10:27  Probe  
  97  10:28  Probe  
  105  10:29  Probe  
  105  10:31  Warp Prism, Probe  
  107  10:39  Probe  
  107  10:40  Probe  
  107  10:41  Probe  
  112  10:43  Probe  
  112  10:44  High Templar  
  112  10:47  High Templar x2  
  119  10:51  Probe  
  119  10:55  High Templar  
  122  10:57  Photon Cannon  
  122  10:58  Probe x3  
  122  11:03  Probe  
  126  11:07  Observer  
  126  11:09  Zealot  
  126  11:10  Zealot x3, Probe x2  
  137  11:17  Forge  
  137  11:21  Zealot x3  
  143  11:25  Observer  
  143  11:28  Probe  
  143  11:29  Probe  
  143  11:32  Protoss Ground Weapons Level 2  
  146  11:36  Probe  
  146  11:37  Probe  
  146  11:38  Pylon  
  148  11:40  Zealot x4, Protoss Ground Armor Level 2  
  156  11:51  Pylon  
  156  11:53  Pylon  
  156  11:56  Probe x3, Archon  
  159  12:04  Zealot x2  
  163  12:09  Nexus  
  163  12:12  Pylon  
  163  12:13  Robotics Bay  
  163  12:16  Robotics Facility  
  163  12:19  Pylon  
  130  12:25  Zealot x8  
  134  12:45  Zealot x5  
  134  12:46  Zealot x3  
  134  12:50  Gateway  
  150  12:51  Gateway  
  150  12:52  Colossus  
  150  12:53  Probe x2  
  150  12:55  Probe x2  
  150  12:57  Colossus  
  154  12:58  Assimilator  
  154  13:03  Assimilator  
  159  13:06  Probe  
  165  13:13  Pylon  
  165  13:14  Extended Thermal Lance  
  165  13:22  Probe x2  
  165  13:24  High Templar x2  
  165  13:26  Pylon  
  171  13:31  Zealot x5  
  171  13:32  Colossus  
  181  13:37  Photon Cannon  
  181  13:39  Gateway  
  181  13:41  Colossus  
  181  13:43  Gateway  
  137  13:55  Zealot x4  
  137  13:57  Protoss Ground Weapons Level 3  
  137  14:01  High Templar  
  137  14:02  Probe x3  
  144  14:13  Shield Battery, High Templar  
  146  14:17  Warp Prism  
  146  14:24  Stalker x2, Zealot x3  
  150  14:25  Zealot x2  
  150  14:30  Zealot  
  163  14:41  Probe x3  
  163  14:43  High Templar  
  163  14:44  Nexus  
  168  14:45  Pylon  
  168  14:47  Gravitic Drive  
  168  14:50  Zealot x5  
  178  14:53  Probe x2  
  178  14:54  Probe  
  181  15:04  Gateway  
  181  15:05  Unknown  
  181  15:06  Gateway  
  181  15:07  High Templar x2  
  181  15:09  Photon Cannon  
  181  15:11  Gateway  
  185  15:15  Shield Battery  
  185  15:17  Photon Cannon  
  185  15:26  Protoss Ground Armor Level 3  
  185  15:27  Stalker x3  
  185  15:28  Stalker x3  
  197  15:30  Stalker  
  189  15:58  High Templar x2  
  189  16:03  Zealot x4  
  199  16:04  Photon Cannon  
  199  16:17  Nexus  
  187  16:18  Pylon  
  187  16:19  Warp Prism  
  187  16:21  Probe x2  
  187  16:22  Probe  
  192  16:28  Zealot x4  
  200  16:38  Colossus  
  198  16:44  Colossus  
  182  16:55  Archon  
  182  16:56  High Templar x3  
  182  16:57  Zealot x7  
  174  17:04  Zealot x2  
  174  17:05  Probe  
  174  17:06  Probe  
  174  17:07  Probe  
  175  17:15  Stalker x3  
  181  17:23  Stalker x2, Zealot x5  
  181  17:24  Nexus  
  195  17:31  Pylon  
  195  17:35  High Templar x2  
  195  17:36  Photon Cannon  
  199  17:38  Photon Cannon  
  199  17:40  Shield Battery  
  189  17:56  Zealot x7  
  195  18:12  Archon  
  192  18:14  High Templar  
  192  18:16  Zealot x3  
  192  18:19  Protoss Shields Level 1  
  200  18:29  Colossus x2, Gateway  
  200  18:30  Gateway  
  200  18:32  Gateway  
  200  18:38  Zealot x8  
  200  18:39  Zealot x6  
  138  18:51  Stalker  
  136  18:59  Stalker x6  
  136  19:00  Stalker, Zealot x5  
  136  19:01  Zealot x2  
  161  19:10  Robotics Facility  
  161  19:14  Zealot  
  161  19:16  Colossus x2  
  161  19:26  Zealot x5  
  169  19:31  Stalker  
  167  19:41  Archon  
  167  19:42  Zealot x4  
  167  19:45  Assimilator  
  171  19:47  Assimilator, Zealot x2  
  171  19:48  Zealot x9  
  171  19:49  Probe x2  
  171  19:51  Assimilator  
  171  19:52  Assimilator  
  191  19:56  High Templar  
  191  19:57  Probe  
  194  20:01  Stalker, Zealot  
  194  20:03  Nexus  
  194  20:06  Assimilator  
  198  20:09  Zealot x4  
  198  20:13  Nexus  
  188  20:17  Colossus  
  182  20:24  Stalker x5  
  182  20:25  Zealot x5  
  200  20:29  Pylon  
  200  20:41  Colossus  
  198  20:53  Assimilator  
  166  20:59  Stalker x5, Zealot  
  166  21:00  Zealot x8  
  154  21:15  Stalker x4  
  140  21:22  Probe x3  
  140  21:24  Zealot x5  
  140  21:25  Zealot x2  
  157  21:27  Zealot  
  157  21:30  High Templar  
  157  21:31  Zealot x2  
  165  21:39  Zealot x4  
  173  21:45  Stalker x4  
  181  21:48  Stalker  
  181  21:53  Zealot x2  
  159  22:02  Stalker x5  
  159  22:04  Observer  
  159  22:07  Observer  
  146  22:17  Stalker x2  
  146  22:18  Zealot x5  
  160  22:25  Zealot x2  
  121  22:57  Nexus  
  108  23:12  Zealot x9  
  120  23:22  High Templar x3  
  120  23:25  High Templar  
  125  23:38  Stalker x2  
  111  23:54  Stalker  
  65  24:19  Stalker x2  
  65  24:20  Zealot  
  65  24:21  Archon  
Show
View Real Time Build Order
Export as new Build Order

LiquidClem Terran - Winner!

Build Orders: Reaper Expand 

Get SALT Encoding   

  12  0:00  SCV  
  13  0:12  SCV  
  14  0:16  Supply Depot  
  14  0:24  SCV  
  15  0:38  SCV  
  15  0:40  Barracks  
  15  0:42  Refinery  
  16  0:50  SCV  
  17  1:02  SCV  
  18  1:14  SCV  
  19  1:26  Reaper  
  19  1:27  Orbital Command  
  20  1:37  Command Center  
  20  1:45  Supply Depot  
  20  1:52  SCV  
  21  1:58  Marine  
  22  2:04  SCV  
  22  2:06  Factory  
  23  2:14  Refinery  
  23  2:16  SCV  
  23  2:19  Barracks Reactor  
  24  2:28  SCV  
  25  2:41  SCV  
  26  2:50  Orbital Command, Hellion, Starport  
  28  2:53  SCV  
  28  2:56  Marine x2  
  31  3:03  Supply Depot  
  31  3:07  SCV  
  31  3:11  Hellion  
  34  3:14  Marine x2  
  34  3:15  SCV  
  37  3:20  SCV  
  37  3:24  Supply Depot  
  37  3:26  Medivac  
  40  3:32  SCV x2  
  42  3:35  Marine  
  42  3:36  Widow Mine  
  42  3:37  Marine  
  46  3:44  SCV  
  46  3:45  SCV, Barracks  
  48  3:55  Barracks  
  48  3:56  SCV  
  48  3:57  SCV  
  48  3:58  Marine x2  
  48  4:01  Factory Tech Lab, Starport Tech Lab  
  52  4:08  Supply Depot  
  52  4:09  SCV  
  54  4:10  SCV  
  54  4:18  Marine x2  
  54  4:19  Refinery, Raven  
  54  4:21  SCV  
  54  4:22  SCV  
  60  4:28  Engineering Bay  
  60  4:33  SCV  
  60  4:34  SCV  
  60  4:38  Marine x2  
  64  4:45  SCV  
  62  4:46  SCV  
  62  4:51  Marauder, Supply Depot  
  61  4:55  Refinery  
  61  4:57  SCV  
  61  4:58  SCV  
  60  5:00  Terran Infantry Weapons Level 1  
  60  5:02  Supply Depot, Bunker, Marauder, Marine  
  60  5:03  Starport Reactor  
  60  5:04  Marine  
  64  5:07  Factory Reactor  
  64  5:10  SCV  
  64  5:13  Marauder  
  62  5:14  SCV  
  63  5:21  Supply Depot  
  63  5:22  Marine  
  63  5:23  SCV  
  63  5:24  Marauder  
  63  5:26  SCV  
  68  5:31  Marine  
  68  5:35  Marauder  
  71  5:37  SCV  
  71  5:39  SCV  
  71  5:41  Medivac x2  
  77  5:45  Widow Mine x2, Marauder  
  77  5:48  Marine  
  84  5:52  Bunker  
  84  5:57  Barracks Tech Lab  
  84  5:59  Marine  
  84  6:01  SCV  
  84  6:04  SCV  
  81  6:06  Marine  
  81  6:13  SCV  
  81  6:14  Liberator x2  
  81  6:16  SCV  
  87  6:21  Marine  
  85  6:26  Siege Tank  
  85  6:29  Supply Depot  
  85  6:30  Marine  
  85  6:31  Supply Depot  
  85  6:32  Marine  
  90  6:34  Marine  
  90  6:36  Marine  
  92  6:42  Barracks Tech Lab  
  92  6:52  Supply Depot  
  92  6:53  Marine x2  
  91  6:54  Command Center  
  91  6:58  SCV  
  91  7:00  Barracks Tech Lab  
  91  7:02  SCV  
  91  7:05  Terran Infantry Armor Level 1  
  91  7:07  Factory Tech Lab  
  92  7:09  Marine x2  
  92  7:10  SCV  
  95  7:15  Supply Depot, SCV  
  95  7:17  Marine x2  
  95  7:20  Stimpack  
  95  7:21  Marauder  
  100  7:26  Siege Tank  
  103  7:30  Supply Depot, SCV  
  103  7:34  Barracks Tech Lab  
  103  7:38  Supply Depot  
  103  7:39  Marine x2  
  103  7:40  SCV  
  103  7:43  SCV  
  107  7:45  Medivac x2  
  107  7:48  Supply Depot, Marauder  
  113  7:54  Combat Shield, Marauder  
  115  7:58  Marine x2  
  115  7:59  SCV  
  115  8:04  Supply Depot  
  118  8:07  Siege Tank, SCV  
  121  8:13  Marauder  
  121  8:18  Marine x2  
  121  8:19  SCV, Marauder  
  125  8:22  SCV  
  126  8:31  Barracks x2  
  121  8:34  Marauder  
  121  8:36  Marine  
  121  8:40  Marauder  
  99  8:42  Marine  
  99  8:44  Medivac x2  
  99  8:45  SCV  
  99  8:47  SCV  
  89  8:55  Orbital Command, Marauder  
  90  8:57  SCV  
  90  8:59  SCV  
  92  9:03  Marauder  
  92  9:05  Marine x2  
  92  9:09  SCV  
  91  9:11  SCV  
  91  9:12  Siege Tank  
  97  9:17  Marauder  
  97  9:19  Marine x2  
  97  9:21  SCV x2  
  97  9:23  SCV  
  102  9:28  Medivac x2  
  104  9:32  Marine  
  104  9:33  SCV x2  
  104  9:35  SCV  
  104  9:36  Marauder  
  104  9:37  Marine  
  110  9:40  Marine, Marauder  
  113  9:50  SCV  
  113  9:51  Marine  
  113  9:52  SCV  
  102  9:53  Marine, SCV  
  102  9:55  Siege Tank  
  102  9:57  Marauder  
  109  10:02  SCV  
  109  10:06  Medivac x2  
  115  10:07  SCV  
  115  10:08  Marine, Marauder  
  115  10:10  SCV  
  115  10:12  Barracks Tech Lab, Marine  
  120  10:14  SCV  
  120  10:15  Barracks Reactor  
  120  10:19  Marauder, SCV  
  120  10:20  Refinery  
  120  10:21  Refinery  
  124  10:22  SCV  
  124  10:26  Marine  
  124  10:27  SCV, Armory  
  127  10:28  Engineering Bay  
  127  10:31  SCV  
  127  10:33  Concussive Shells  
  130  10:37  Command Center  
  130  10:38  SCV  
  130  10:41  Marine  
  131  10:43  Siege Tank  
  131  10:44  Marauder  
  131  10:47  Supply Depot  
  131  10:48  Marauder  
  131  10:49  Marauder  
  139  10:50  Bunker  
  139  10:52  Marine x2  
  139  10:53  Marine  
  142  11:01  Marine  
  142  11:02  Supply Depot  
  143  11:10  Barracks x2, SCV  
  143  11:11  SCV, Barracks  
  145  11:13  SCV  
  145  11:14  Terran Infantry Armor Level 2, Terran Infantry Weapons Level 2, Marine  
  145  11:17  Marine x2  
  149  11:20  Liberator  
  152  11:27  Liberator  
  152  11:28  Supply Depot  
  152  11:29  Missile Turret  
  152  11:30  Supply Depot, Marine  
  156  11:37  Missile Turret  
  156  11:39  Marauder  
  158  11:40  Marine x2  
  158  11:41  Marine, Missile Turret  
  158  11:45  Siege Tank  
  164  11:48  SCV x2  
  164  11:49  SCV  
  164  11:50  SCV  
  156  12:00  SCV  
  157  12:02  SCV, Ghost Academy  
  157  12:03  Marauder x2  
  157  12:06  Liberator  
  157  12:08  SCV  
  166  12:13  SCV  
  166  12:15  Missile Turret  
  168  12:16  Marauder  
  168  12:17  SCV  
  147  12:24  Marauder x2, Marine x2  
  146  12:36  SCV  
  139  12:37  Marine, Marauder  
  139  12:39  Planetary Fortress  
  139  12:40  SCV  
  139  12:43  SCV  
  142  12:44  Marine  
  142  12:45  Marauder x2  
  147  12:54  Barracks Tech Lab x3, Sensor Tower  
  147  12:56  Liberator  
  152  12:58  Marauder  
  152  12:59  Liberator  
  152  13:01  Marine x2  
  152  13:02  Marine  
  158  13:07  Marauder x2  
  158  13:08  Terran Ship Weapons Level 1  
  162  13:13  Ghost  
  162  13:14  Ghost, Starport  
  162  13:17  Refinery x2  
  162  13:18  Marine  
  169  13:20  Marauder  
  169  13:24  Missile Turret, SCV x3  
  169  13:25  SCV  
  173  13:30  Terran Infantry Armor Level 3  
  173  13:36  SCV  
  173  13:38  Medivac  
  176  13:42  Medivac  
  176  13:43  Command Center  
  167  13:55  Marauder  
  165  13:56  Marauder, Marine  
  165  13:58  SCV  
  165  13:59  Bunker  
  165  14:00  SCV  
  165  14:01  SCV  
  170  14:06  Terran Infantry Weapons Level 3  
  170  14:09  Viking x2  
  174  14:13  Fusion Core  
  174  14:17  Missile Turret  
  174  14:19  Missile Turret  
  174  14:23  Command Center  
  174  14:25  Ghost  
  174  14:27  Ghost  
  174  14:30  Ghost  
  180  14:34  Marine x3  
  180  14:35  Marine  
  184  14:42  Medivac  
  184  14:43  Medivac  
  184  14:45  Viking x2  
  192  14:48  Personal Cloaking  
  190  14:56  Marine x4  
  190  14:57  Marauder  
  196  15:02  Marauder x2  
  200  15:14  Command Center  
  200  15:25  Viking  
  200  15:32  Terran Ship Weapons Level 2  
  200  15:37  Sensor Tower  
  200  15:40  Orbital Command  
  200  15:43  Command Center  
  200  15:47  Ghost  
  200  15:49  Caduceus Reactor  
  200  15:52  Viking  
  200  15:59  Planetary Fortress  
  200  16:04  Refinery x2  
  200  16:05  Missile Turret  
  200  16:06  Missile Turret  
  200  16:14  Nuke  
  198  16:20  Viking  
  198  16:21  Starport  
  200  16:29  Command Center  
  200  16:36  Ghost  
  200  16:38  Ghost x2  
  200  16:39  Viking  
  200  16:45  Advanced Ballistics  
  200  16:51  Viking  
  200  16:52  Ghost x2  
  190  16:55  Ghost  
  144  17:01  Viking  
  171  17:05  Marauder  
  174  17:10  Viking  
  174  17:15  Marauder x2  
  180  17:16  Viking  
  182  17:24  Planetary Fortress  
  182  17:25  Marauder  
  182  17:26  Viking  
  188  17:30  Marauder  
  188  17:36  Sensor Tower  
  188  17:37  Viking  
  188  17:38  Starport Reactor  
  188  17:42  Marauder  
  188  17:43  Missile Turret  
  192  17:45  Orbital Command  
  180  17:54  Viking  
  180  17:57  Viking  
  182  18:00  Marine  
  183  18:07  Ghost  
  183  18:11  Viking  
  187  18:16  Viking  
  189  18:20  Viking  
  189  18:24  Viking  
  193  18:29  Terran Ship Weapons Level 3  
  193  18:39  Marauder  
  193  18:41  Marauder, Marine  
  165  18:42  Marauder x2  
  165  18:44  Marauder  
  165  18:47  Marine  
  165  18:48  Ghost  
  169  18:53  SCV x2  
  171  18:59  Marine x2  
  171  19:01  Marauder  
  171  19:02  SCV x2, Marauder  
  179  19:05  Ghost  
  179  19:07  Marine  
  179  19:09  Marine  
  183  19:12  Nuke  
  183  19:15  Liberator  
  186  19:18  Marauder  
  186  19:19  Marauder  
  190  19:28  Marauder x2  
  189  19:34  SCV  
  185  19:39  Marauder, Orbital Command  
  185  19:45  Medivac  
  189  19:46  SCV  
  189  19:50  SCV  
  191  20:01  Viking  
  193  20:11  Ghost  
  193  20:12  Liberator  
  195  20:16  Marine  
  192  20:22  Liberator  
  192  20:23  Liberator  
  198  20:31  Missile Turret  
  198  20:32  Sensor Tower  
  198  20:39  Viking  
  198  20:53  Orbital Command  
  198  20:54  Marauder  
  198  20:56  SCV x2  
  189  20:58  SCV  
  189  20:59  Marauder, Marine  
  189  21:03  Marauder, SCV  
  195  21:05  Marauder  
  195  21:08  SCV  
  186  21:12  Medivac  
  186  21:13  SCV  
  186  21:15  Marauder  
  186  21:18  SCV x2  
  186  21:27  Liberator  
  189  21:35  Liberator  
  189  21:38  Liberator  
  189  21:39  Marine  
  196  21:42  Marauder  
  198  21:50  Marauder  
  200  21:54  Marauder  
  188  22:04  Medivac  
  188  22:05  Marine, Marauder  
  188  22:06  Marauder  
  188  22:07  Marine  
  169  22:08  Marine x2  
  169  22:09  Marauder x2  
  169  22:13  Marauder  
  171  22:16  Marauder  
  173  22:24  Liberator  
  173  22:25  Marine  
  173  22:26  Marine  
  173  22:27  Marauder  
  178  22:34  Liberator  
  178  22:36  Ghost  
  182  22:43  Ghost  
  184  22:48  Marauder  
  184  22:51  Marine  
  183  22:52  Marine  
  183  22:54  Marine  
  183  23:03  Ghost  
  175  23:05  Medivac  
  175  23:10  Marine  
  179  23:13  Marauder, Marine  
  179  23:14  Marine x2  
  179  23:19  Marine  
  183  23:20  Marauder  
  183  23:23  Marauder  
  187  23:30  Medivac  
  187  23:35  Medivac, Marine  
  190  23:42  Liberator  
  190  23:46  Marine  
  190  23:47  Marine  
  195  23:54  Liberator  
  198  24:05  Liberator  
  198  24:07  Marauder  
  195  24:12  Marauder  
  181  24:17  Marauder  
  181  24:22  Medivac  
Tags
 
Add a new tag
Caveats
  • Supply blocks, unpowered buildings, or Contaminate may cause inaccurate times.
  • Supply counts are checked every 10 seconds.